Cogmind - Beta 17 @@@ ROGUE MODE // 2026.08.04 @ 11:39:41 // Winter2019/RPGLIKE Player: Gallgagger Result: Destroyed by 6S-H0T with 6S-H0T's Six Shooter Performance ------------- Evolutions (4) 2000 Regions Visited (12) 2400 Robots Destroyed (356) 1780 Value Destroyed (15062) 15062 Prototype IDs (35) 700 Alien Tech Used (0) 0 Bonus (7245) 7245 TOTAL SCORE: 29187 Bonus ------- Triggered High Security 1000 High Alert Combat Kills 5788 Follower Combat Kills 90 Hunted by Unchained 500 Met Data Miner 300 Friendly Fire -433 Cogmind --------- Core Integrity 0/1450 Matter 290/300 Energy 225/225 System Corruption 1% Temperature Cool (0) Movement Flying (24) Location -6/Factory Parts ------- > --- POWER (2) -------- Antimatter-Nuclear Reactor > --- PROPULSION (5) --- Cooled VTOL Module Cooled Cesium-ion Thruster Cooled Cesium-ion Thruster Cooled Cesium-ion Thruster Biomechanical Wings > --- UTILITY (9) ------ Armored Scrap Engine Experimental Heat Sink Core Analyzer Armor Integrity Analyzer Cloaking Device Focal Shield Experimental Thermal Shield > --- WEAPON (4) ------- Shotgun Accelerated Shooter Con/C Segregator > --- INVENTORY (5) ---- Improved Deuterium Engine Micro Nuclear Core Light Angular Momentum Engine Advanced Particle Charger Heavy Flak Cannon Peak State ------------ > --- POWER ------------ Antimatter-Nuclear Reactor > --- PROPULSION ------- Flying Heavy-NPT Exoskeleton Xenon Bombardment Thruster Cooled VTOL Module Cooled VTOL Module Biomechanical Wings > --- UTILITY ---------- Armored Scrap Engine Experimental Signal Interpreter Weapon Mount Core Analyzer Core Analyzer Armor Integrity Analyzer Experimental Thermal Shield Improved System Restoration Module > --- WEAPON ----------- Advanced Beam Rifle Improved Heavy Laser Heavy Flak Cannon Shotgun Accelerated Shooter Con/C > --- INVENTORY -------- Heavy Treads Advanced Particle Charger Heavy Flak Cannon Heavy Flak Cannon [Rating: 113] Favorites ----------- Power Constructs Engine Ion Engine Power Core Enhanced Nuclear Core Reactor Constructs Propulsion Cesium-ion Thruster Flight Unit Cesium-ion Thruster Utility Core Analyzer Device Armored Scrap Engine Processor Core Analyzer Protection Utility Shielding Weapon Constructs Energy Gun Improved Medium Laser Energy Cannon Heavy Ion Cannon Ballistic Gun Heavy Assault Rifle Ballistic Cannon Constructs Slashing Weapon Segregator Build | -11 -10 -9 -9 -9 -7 -7 -7 -7 -6 -6 -6 -6 ------- Run | Yrd Mat Mat Sto Rec Fac Low Low Dat Pro Fac Was Fac Slots Evolved 16 | 3 1 5 2 . 2 1 . . . . . 2 Power 1 | . . . . . . . . . . . . 1 Propulsion 4 | 1 . 2 . . . . . . . . . 1 Utility 8 | 1 1 2 1 . 2 1 . . . . . . Weapon 3 | 1 . 1 1 . . . . . . . . . Parts Attached 76 | 3 5 11 1 2 22 2 1 2 . 5 1 21 Power 7 | 1 . . . . 3 . . . . . . 3 Engine 3 | 1 . . . . 1 . . . . . . 1 Core 4 | . . . . . 2 . . . . . . 2 Reactor . | . . . . . . . . . . . . . Propulsion 22 | . 2 8 . . 4 . . . . 2 . 6 Treads . | . . . . . . . . . . . . . Leg . | . . . . . . . . . . . . . Wheel . | . . . . . . . . . . . . . Hover . | . . . . . . . . . . . . . Flight 22 | . 2 8 . . 4 . . . . 2 . 6 Utility 23 | 1 2 1 . 2 5 1 1 1 . 3 1 5 Device 13 | 1 . . . 1 1 . . 1 . 3 1 5 Storage . | . . . . . . . . . . . . . Processor 6 | . 1 . . 1 3 . 1 . . . . . Hackware . | . . . . . . . . . . . . . Protection 4 | . 1 1 . . 1 1 . . . . . . Artifact . | . . . . . . . . . . . . . Weapon 24 | 1 1 2 1 . 10 1 . 1 . . . 7 Energy Gun 11 | . 1 . 1 . 6 . . . . . . 3 Energy Cannon 2 | . . . . . 1 . . 1 . . . . Ballistic Gun 6 | 1 . 2 . . 1 . . . . . . 2 Ballistic Cannon 4 | . . . . . 2 1 . . . . . 1 Launcher . | . . . . . . . . . . . . . Special Weapon . | . . . . . . . . . . . . . Impact Weapon . | . . . . . . . . . . . . . Slashing Weapon 1 | . . . . . . . . . . . . 1 Piercing Weapon . | . . . . . . . . . . . . . Special Melee Weapon . | . . . . . . . . . . . . . Unidentified Prototypes 22 | . 1 1 . 1 9 . . 1 . 2 . 7 Parts Lost 12 | . . . 1 . 5 . . . . 2 . 4 Power 4 | . . . . . 1 . . . . . . 3 Propulsion 3 | . . . . . 2 . . . . . . 1 Utility 5 | . . . 1 . 2 . . . . 2 . . Weapon . | . . . . . . . . . . . . . Highest Loss Streak 2 | . . . 1 . 1 . . . . 1 . 2 To Critical Strikes . | . . . . . . . . . . . . . Average Backups 2 | . . . . . 3 2 4 4 5 3 1 3 Power . | . . . . . . . . . . . . 1 Propulsion . | . . . . . . . . . . . . . Utility 1 | . . . . . 2 1 1 1 3 1 1 1 Weapon . | . . . . . 1 1 3 3 2 2 . . Tool/Special . | . . . . . . . . . . . . . Unused Backups 52 | . . . . . 11 4 . 1 . 20 . 16 Power 4 | . . . . . . . . . . . . 4 Propulsion 1 | . . . . . . . . . . . . 1 Utility 5 | . . . . . 2 . . . . 2 . 1 Weapon 42 | . . . . . 9 4 . 1 . 18 . 10 Tool/Special . | . . . . . . . . . . . . . Average Slot Usage (%) 77 | . 82 89 83 84 75 69 75 75 77 75 68 73 Engine 2 | . 12 7 6 6 1 . . . . . . 1 Core 1 | . . . . . 3 4 5 5 5 . . . Reactor 1 | . . . . . . . . . . 4 5 5 Flight 23 | . 16 27 27 25 22 22 22 22 22 22 18 24 Device 13 | . 13 7 6 9 11 11 11 12 16 15 16 18 Processor 16 | . 12 7 6 8 17 22 25 27 27 25 22 15 Protection 3 | . 3 12 8 6 6 2 5 . . . . . Energy Gun 4 | . 9 7 10 14 4 . . . . . 4 1 Energy Cannon 2 | . . . . . 3 1 . 7 5 3 . 2 Ballistic Gun 3 | . 13 15 13 11 . . . . . . . . Peak Build Rating 113 | 3 10 24 25 51 78 74 75 85 85 99 83 113 Average Rating 63 | 1 7 20 24 35 60 67 72 79 85 90 79 94 On Entrance 50 | . 3 10 24 25 51 72 69 75 85 85 83 75 Avg Prop Armor Cover (%) 2 | . . . . . 2 . . . . . . 1 Naked Turns . | . . . . . . . . . . . . . Heaviest Build 36 | 8 12 17 19 20 26 22 25 33 27 32 22 36 Greatest Support 50 | 8 13 25 25 29 30 29 29 29 29 37 37 50 Greatest Overweight (x) 1 | . . . . . . . . 1 . . . . Average Overweight (x) . | . . . . . . . . . . . . . Largest Inventory Capacity 5 | 2 2 4 4 5 5 5 5 5 5 5 5 5 Average Capacity 4 | 1 2 3 4 4 5 5 5 5 5 5 5 5 Most Carried 5 | . 2 4 4 4 5 5 5 5 5 5 3 5 Average Carried 3 | . . 3 3 3 4 2 4 4 5 3 1 4 Final Capacity 5 | 2 2 4 4 5 5 5 5 5 5 5 5 5 Final Carried 5 | . . 4 4 4 5 2 5 5 5 1 3 5 Scrap Engine Consumption 124 | . . . . 8 42 7 1 5 . 35 3 23 Constructs Created 6 | . . . . 2 1 1 . . . 1 . 1 Constructs Modified 51 | . . . . . 18 3 1 . 1 15 2 11 Class Distribution -------------------- 60% | Sprinter 23% | Mutant 13% | Scavenger-Sprinter Dominant Class ---------------- Mutant | -10/Materials Sprinter | -9/Materials Scavenger-Sprinter | -9/Storage Scavenger-Sprinter | -9/Recycling Sprinter | -7/Factory Sprinter | -7/Lower Caves Sprinter | -7/Lower Caves Sprinter | -7/Data Miner Sprinter | -6/Proximity Caves Sprinter | -6/Factory Sprinter | -6/Waste Mutant | -6/Factory Resources | -11 -10 -9 -9 -9 -7 -7 -7 -7 -6 -6 -6 -6 ----------- Run | Yrd Mat Mat Sto Rec Fac Low Low Dat Pro Fac Was Fac Matter Collected 5937 | 272 322 575 501 92 852 360 21 477 137 926 137 1265 Remotely . | . . . . . . . . . . . . . Salvage Created 15062 | 83 709 1242 1965 172 2555 490 126 254 153 2810 1418 3085 Parts 876 | 2 43 123 113 19 145 21 9 15 14 177 30 165 Haulers Intercepted 5 | . . . . . 2 . . . . 2 . 1 Recyclers Shooed 4 | 1 . . . . 3 . . . . . . . Parts Field Recycled . | . . . . . . . . . . . . . Retrieved Matter . | . . . . . . . . . . . . . Parts Self-Destructed 40 | . . . . . . 19 7 . 14 . . . Prevented . | . . . . . . . . . . . . . Parts Restored . | . . . . . . . . . . . . . Kills | -11 -10 -9 -9 -9 -7 -7 -7 -7 -6 -6 -6 -6 ------- Run | Yrd Mat Mat Sto Rec Fac Low Low Dat Pro Fac Was Fac Combat Hostiles Destroyed 324 | . 23 50 45 6 58 10 1 4 4 57 6 60 Guns 151 | . 22 50 43 6 3 . . . . 9 6 12 Cannons 154 | . . . . . 48 10 1 3 4 46 . 42 AOE 8 | . . . . . 6 . . . . 2 . . Classes Destroyed 24 | 2 2 3 2 1 9 1 1 . . 1 1 1 Worker 7 | . . . 1 . 4 . . . . 2 . . Builder 5 | . . 1 1 . 1 . . . . 2 . . Tunneler 2 | 1 1 . . . . . . . . . . . Hauler 5 | . . . . . 2 . . . . 2 . 1 Recycler 4 | 1 . . . . 2 . . . . 1 . . Mechanic 1 | . . . . . 1 . . . . . . . Operator 5 | . . . . . 2 . . . . 2 . 1 Watcher 2 | . . . . . 1 . . . . 1 . . Swarmer 54 | . 2 12 . . 12 7 . . . 11 . 10 Cutter 3 | . . . . . 3 . . . . . . . Saboteur 1 | . . . . . . . . . . . . 1 Grunt 139 | . 21 30 30 . 15 3 . . 2 16 . 22 Brawler 11 | . . 1 3 . 3 . . . . 2 . 2 Duelist 6 | . . . 1 . 4 . . . . . . 1 Protector 3 | . . . . . 1 . . . . 2 . . Sentry 41 | . . 7 11 3 5 . . . . 8 . 7 Specialist 6 | . . . . . 4 . . . . 2 . . Hunter 23 | . . . . . 5 . . . 2 9 . 7 Programmer 20 | . . . . . 6 . . . . 5 . 9 Heavy 2 | . . . . . . . . . . 2 . . Behemoth 2 | . . . . . . . 1 . . . . 1 Compactor 6 | . . . . . . . . . . . 6 . Enhanced Grunt 4 | . . . . . . . . 4 . . . . Scrapper 3 | . . . . 3 . . . . . . . . Mutant 1 | . . . . . . 1 . . . . . . Best Kill Streak 17 | 1 6 7 10 3 11 4 1 2 2 9 2 17 Combat Bots Only 17 | . 6 7 9 3 11 4 1 2 2 6 2 17 Max Kills in Single Turn 7 | 1 2 2 3 1 7 1 1 1 1 5 2 2 Gunslinging 2 | . . 1 2 . . . . . . . . . Exploded 3 | . . . . . 3 . . . . 2 . . Melee . | . . . . . . . . . . . . . Uniques/NPCs Destroyed . | . . . . . . . . . . . . . Combat | -11 -10 -9 -9 -9 -7 -7 -7 -7 -6 -6 -6 -6 -------- Run | Yrd Mat Mat Sto Rec Fac Low Low Dat Pro Fac Was Fac Hostile Shots Fired 1655 | . 127 141 136 20 431 39 35 23 6 310 . 387 Missed 725 | . 38 53 53 5 232 14 22 6 3 152 . 147 Hits 930 | . 89 88 83 15 199 25 13 17 3 158 . 240 Melee 9 | . . . 2 . 5 . . . . 1 . 1 Projectile 921 | . 89 88 81 15 194 25 13 17 3 157 . 239 AOE 1 | . . . . . . . . . . . . 1 Critical Strikes 52 | . 3 . 3 . 8 . . . . 8 . 30 Actively Blocked 2 | . . . 1 . 1 . . . . . . . Part Disruptions 3 | . . . . . 2 . . 1 . . . . Actively Blocked 1 | . . . . . 1 . . . . . . . Damage Taken 13845 | . 1112 989 1152 294 2921 403 298 739 35 2241 . 3661 Core 10915 | . 955 755 880 252 2225 286 235 595 27 1768 . 2937 Absorbed by Shields 22 | . . . 6 . 16 . . . . . . . Redirected to Core 8663 | . 510 549 660 152 1771 237 137 545 27 1599 . 2476 Redirected to Shielding 196 | . . 61 67 . 68 . . . . . . . Ignored by Resistances 651 | . . . . . 24 . . 55 6 180 . 386 Regen/Repaired (Parts) 1000 | . . . . . 165 86 . . 110 285 46 308 Core Remaining (%) 88 | 100 91 . . 100 . . . . 62 . . . Volleys Fired 884 | 14 84 79 78 12 182 28 7 42 7 136 43 172 Largest 4 | 1 2 3 4 4 4 1 1 2 1 1 1 3 Hottest 321 | 20 76 102 158 158 177 68 102 167 96 321 26 156 Shots Fired 1325 | 14 128 228 270 49 194 28 7 43 7 136 43 178 Gun 837 | 14 128 228 270 49 22 . . . . 33 43 50 Cannon 488 | . . . . . 172 28 7 43 7 103 . 128 Launcher . | . . . . . . . . . . . . . Special . | . . . . . . . . . . . . . Kinetic 711 | 14 84 150 156 24 61 22 7 21 . 38 43 91 Thermal 582 | . 44 78 114 25 129 6 . 22 7 70 . 87 Explosive . | . . . . . . . . . . . . . Electromagnetic 32 | . . . . . 4 . . . . 28 . . Robot Hit Streak 50 | 4 31 18 29 47 44 10 16 42 47 50 30 47 Robot Miss Streak 4 | 1 2 3 4 . 2 1 . . 1 1 1 2 Penetration Max 1 | . . . . . . . . . . 1 . . Secondary Targets 24 | . 3 9 12 . . . . . . . . . Max Gunslinging Chain 2 | . 1 1 2 . . . . . . . . . Shots Hit Robots 1046 | 11 107 157 195 38 160 22 6 26 6 116 42 160 Core Hits 673 | 3 38 67 70 12 183 12 4 11 4 79 40 150 Critical Kills 10 | . . . . . . . . 1 . 3 4 2 Critical Parts Destroyed 10 | . . . . . 1 . . . . 2 2 5 Critical Strikes 49 | . 4 5 9 . 5 . . 1 . 5 10 10 Burn 25 | . 4 5 9 . 4 . . . . . . 3 Meltdown 1 | . . . . . . . . 1 . . . . Destroy 23 | . . . . . 1 . . . . 5 10 7 Melee Attacks 4 | . . . . . . . . . . . . 4 Thermal 4 | . . . . . . . . . . . . 4 Impact . | . . . . . . . . . . . . . Slashing . | . . . . . . . . . . . . . Piercing . | . . . . . . . . . . . . . Sneak Attacks . | . . . . . . . . . . . . . Combat Hostiles . | . . . . . . . . . . . . . Follow-up Attacks . | . . . . . . . . . . . . . Damage Inflicted 36577 | 136 1508 2568 3151 605 7825 1162 250 1346 414 10678 915 6019 Guns 10868 | 136 1508 2568 3151 605 280 . . . . 698 915 1007 Cannons 23071 | . . . . . 5906 1162 250 1346 414 8981 . 5012 Explosions 2638 | . . . . . 1639 . . . . 999 . . Melee . | . . . . . . . . . . . . . Ramming . | . . . . . . . . . . . . . Kinetic 15872 | 136 852 1498 1672 254 1950 905 250 1107 . 2463 915 3870 Thermal 19644 | . 656 1070 1479 351 5008 257 . 239 414 8021 . 2149 Explosive . | . . . . . . . . . . . . . Electromagnetic 1061 | . . . . . 867 . . . . 194 . . Impact . | . . . . . . . . . . . . . Slashing . | . . . . . . . . . . . . . Piercing . | . . . . . . . . . . . . . Highest Corruption 12 | . . 1 1 1 12 12 12 12 12 2 2 2 Average Corruption 4 | . . 1 1 1 6 12 12 12 12 1 2 1 Corruption Purged 3 | . . . . . . . . . . . . 3 Corruption Blocked . | . . . . . . . . . . . . . Effects 161 | . . 8 9 3 61 20 15 12 9 13 6 5 Message Errors 41 | . . 3 1 . 17 9 1 3 2 4 1 . Matter Fused 38 | . . 2 1 . 14 4 5 2 4 3 2 1 Heat Flow Errors 20 | . . . 2 1 8 1 3 2 . 2 . 1 Energy Discharges 15 | . . . . . 5 1 3 1 2 1 1 1 Parts Rejected 2 | . . . 2 . . . . . . . . . Parts Fused 1 | . . . . . 1 . . . . . . . Data Loss (minor) 24 | . . 1 2 . 11 1 2 1 1 2 2 1 Data Loss (major) 8 | . . . . 1 1 3 . 2 . . . 1 Misfires 1 | . . . . 1 . . . . . . . . Alerts 4 | . . . 1 . 1 . 1 . . 1 . . Misdirections 1 | . . . . . . 1 . . . . . . Weapon Failures 6 | . . 2 . . 3 . . 1 . . . . Overload Shots 1 | . . . . . . . . . . . . 1 Overflow Damage 928 | . . . . . 169 45 . 32 . 672 . 10 Projectiles 783 | . . . . . 135 45 . 32 . 561 . 10 Explosions 145 | . . . . . 34 . . . . 111 . . Melee . | . . . . . . . . . . . . . Knockbacks 74 | . . . . . 22 4 . 6 . 5 . 37 Impact . | . . . . . . . . . . . . . Kinetic 67 | . . . . . 21 4 . 4 . 5 . 33 Secondary 7 | . . . . . 1 . . 2 . . . 4 Self-Inflicted Damage 78 | . . . . . 78 . . . . . . . Shots 3 | . . . . . 3 . . . . . . . Rammed . | . . . . . . . . . . . . . Targets Rammed . | . . . . . . . . . . . . . Kicked . | . . . . . . . . . . . . . Crushed . | . . . . . . . . . . . . . Highest Temperature 448 | . 117 48 156 85 250 161 170 156 . 448 . 118 Average Temperature 66 | . 43 10 39 21 66 105 78 81 . 116 . 40 Received Heat Transfer 3227 | . 627 378 482 135 441 72 48 . 9 497 . 538 Effects 2 | . . . . . . . . . . 2 . . Energy Bleed 1 | . . . . . . . . . . 1 . . Interference 1 | . . . . . . . . . . 1 . . Siege Activations . | . . . . . . . . . . . . . Martial Activations . | . . . . . . . . . . . . . Shielding Activations . | . . . . . . . . . . . . . Robots Disrupted 1 | . . . . . 1 . . . . . . . Combat Hostiles 1 | . . . . . 1 . . . . . . . Robots Corrupted . | . . . . . . . . . . . . . Combat Hostiles . | . . . . . . . . . . . . . Parts Fried 3 | . . . . . 2 . . . . 1 . . Impact Corruptions 1 | . . . . . . . . 1 . . . . Robots Melted 11 | . 1 . 2 . 1 . . 1 . . . 6 Combat Hostiles 11 | . 1 . 2 . 1 . . 1 . . . 6 Parts Melted 98 | . 3 4 12 5 22 . . 5 . 18 . 29 Heat Transferred 28040 | . 1702 2701 4033 670 7471 185 . 481 222 4862 . 5713 Parts Sabotaged . | . . . . . . . . . . . . . Parts Stolen . | . . . . . . . . . . . . . Parts Stripped . | . . . . . . . . . . . . . Power Chain Reactions 3 | . . . . . 3 . . . . . . . Alert | -11 -10 -9 -9 -9 -7 -7 -7 -7 -6 -6 -6 -6 ------- Run | Yrd Mat Mat Sto Rec Fac Low Low Dat Pro Fac Was Fac Maximum Alert Level 5 | . 2 4 5 4 5 . . . . 4 2 4 Low Security (%) 10 | 100 52 1 . . . . . . . 20 . 5 Level 1 14 | . 20 23 . . . . . . . 15 86 16 Level 2 21 | . 26 19 10 . 29 . . . . 9 13 31 Level 3 19 | . . 38 42 21 32 . . . . 19 . 3 Level 4 26 | . . 16 21 78 14 . . . . 34 . 42 Level 5 5 | . . . 18 . 17 . . . . . . . High Security 1 | . . . 6 . 5 . . . . . . . Max Security . | . . . . . . . . . . . . . Sterilizations 1 | . . 1 . . . . . . . . . . Peak Influence 2413 | 5 504 1239 2009 1331 2413 . . . . 1242 429 1416 Initial 1100 | . . 209 515 1100 957 . . . . . 429 156 Average 840 | 1 229 729 1193 1204 1177 . . . . 720 324 785 Influence Increases 11361 | 10 830 1440 1886 331 2702 230 60 . 90 1804 . 1978 Destroy 0b10 Robot/C 6280 | . 460 1000 1000 60 1140 200 20 . 80 1100 . 1220 Destroy 0b10 Robot/NC 170 | 10 5 5 10 . 70 . . . . 60 . 10 Destroy Leader 1524 | . 130 240 290 . 236 30 10 . 10 276 . 302 Allied During Kill 41 | . . . 11 . . . . . . . . 30 Successful Hack 59 | . . 6 . . 6 . . . . . . 47 Select Force Hacks 830 | . 160 60 310 270 . . . . . . . 30 Disable Machine 375 | . 15 . . . 150 . . . . 150 . 60 Anti-Garrison Action 200 | . . . 200 . . . . . . . . . Destroy Structure 142 | . . 9 5 1 35 . . . . 83 . 9 Advance Influence 450 | . . . . . 450 . . . . . . . Partial Spotted 330 | . 15 30 45 . 120 . . . . 60 . 60 Lose Combat Pursuer 960 | . 45 90 15 . 495 . 30 . . 75 . 210 Influence Decreases 10268 | 10 332 717 1098 1448 1498 1115 505 1083 90 576 1005 791 Entered New Map 6056 | . . 289 706 1226 702 893 291 1083 . . 799 67 Time Decay 3922 | 10 332 428 342 222 636 222 214 . 90 556 206 664 Search Patrol Dispatched 100 | . . . . . 100 . . . . . . . Lost Part 120 | . . . 10 . 50 . . . . 20 . 40 Lost Ally 70 | . . . 40 . 10 . . . . . . 20 Squads Dispatched 93 | . 10 12 16 . 18 . . . . 17 . 20 Investigation 33 | . 9 9 10 . . . . . . 1 . 4 Extermination 18 | . . . . . 6 . . . . 4 . 8 Reinforcement 17 | . 1 2 2 . 1 . . . . 8 . 3 Assault 16 | . . 1 1 . 8 . . . . 4 . 2 Garrison 9 | . . . 3 . 3 . . . . . . 3 Intercept . | . . . . . . . . . . . . . Searches Triggered 1 | . . . . . 1 . . . . . . . Unchained Authorized 1 | . . . . . . . . . . . . 1 Construction Impeded . | . . . . . . . . . . . . . Haulers Reinforced 2 | . . . . . . . . . . 1 . 1 Active Scanning Responses . | . . . . . . . . . . . . . Cargo Convoy Interrupts 2 | . . . . . 1 . . . . 1 . . Stealth | -11 -10 -9 -9 -9 -7 -7 -7 -7 -6 -6 -6 -6 --------- Run | Yrd Mat Mat Sto Rec Fac Low Low Dat Pro Fac Was Fac Distress Signals 11 | . 1 5 3 . . . . . . 1 . 1 Communications Jammed . | . . . . . . . . . . . . . Distress Signals . | . . . . . . . . . . . . . Times Spotted 493 | . 40 70 57 5 122 10 3 6 3 82 6 89 Peak Tracking Total 15 | . 8 8 9 3 13 4 1 2 2 10 4 15 Tactical Retreats 34 | . 3 3 1 . 15 . 2 . . 3 . 7 Traps | -11 -10 -9 -9 -9 -7 -7 -7 -7 -6 -6 -6 -6 ------- Run | Yrd Mat Mat Sto Rec Fac Low Low Dat Pro Fac Was Fac Traps Triggered 15 | . 2 . 3 . 9 . . . . 1 . . Indirectly 2 | . . . . . 2 . . . . . . . Trap Hack Attempts . | . . . . . . . . . . . . . Triggered . | . . . . . . . . . . . . . Disarmed . | . . . . . . . . . . . . . Reprogrammed . | . . . . . . . . . . . . . Reused . | . . . . . . . . . . . . . Traps Extracted . | . . . . . . . . . . . . . Installed . | . . . . . . . . . . . . . Triggered . | . . . . . . . . . . . . . Machines | -11 -10 -9 -9 -9 -7 -7 -7 -7 -6 -6 -6 -6 ---------- Run | Yrd Mat Mat Sto Rec Fac Low Low Dat Pro Fac Was Fac Machines Disabled 26 | . 1 . . . 10 . . 1 . 10 . 4 Max in Single Turn 5 | . 1 . . . 3 . . 1 . 5 . 1 Garrison Access 3 | . . . 1 . . . . . . 2 . . Machines Repaired . | . . . . . . . . . . . . . Machines Dismantled . | . . . . . . . . . . . . . Machines Sabotaged 7 | . 2 . 5 . . . . . . . . . Overloaded Fab Kills . | . . . . . . . . . . . . . Hacking | -11 -10 -9 -9 -9 -7 -7 -7 -7 -6 -6 -6 -6 --------- Run | Yrd Mat Mat Sto Rec Fac Low Low Dat Pro Fac Was Fac Machines Accessed 58 | . 9 11 11 10 3 . . 2 . 6 . 6 Terminals 27 | . 6 9 7 . 1 . . . . 1 . 3 Fabricators 3 | . . . . . 2 . . . . 1 . . Repair Stations 3 | . 1 . 1 . . . . . . 1 . . Recycling Units 15 | . 2 1 2 9 . . . . . . . 1 Scanalyzers 3 | . . 1 . . . . . . . . . 2 Garrison Access 4 | . . . 1 . . . . . . 3 . . Total Hacks 121 | . 17 23 13 12 6 . . 18 . 13 . 19 Successful 75 | . 9 11 11 11 2 . . 18 . 4 . 9 Failed 46 | . 8 12 2 1 4 . . . . 9 . 10 Catastrophic 6 | . . 2 . . 1 . . . . 3 . . Database Lockouts . | . . . . . . . . . . . . . Manual 82 | . 17 20 13 10 6 . . . . 3 . 13 Terminals 59 | . 14 20 9 . 2 . . . . 2 . 12 Fabricators 5 | . . . . . 4 . . . . 1 . . Repair Stations 4 | . 1 . 1 . . . . . . 2 . . Recycling Units 17 | . 2 2 2 10 . . . . . . . 1 Scanalyzers 7 | . . 1 . . . . . . . . . 6 Garrison Access 9 | . . . 1 . . . . . . 8 . . Terminal Hacks 25 | . . 2 1 2 . . . 18 . 1 . 1 Part Schematic 11 | . . . . . . . . 11 . . . . Robot Schematic 4 | . . . . . . . . 4 . . . . Prototype ID Bank 3 | . . . . . . . . 3 . . . . Open Door 2 | . . . 1 . . . . . . 1 . . Branch Access Points 2 | . . 1 . . . . . . . . . 1 Terminal Index 1 | . . 1 . . . . . . . . . . Release Object 2 | . . . . 2 . . . . . . . . Fabricator Hacks . | . . . . . . . . . . . . . Repair Station Hacks . | . . . . . . . . . . . . . Recycling Unit Hacks 1 | . . . . . . . . . . . . 1 Retrieve Components 1 | . . . . . . . . . . . . 1 Scanalyzer 2 | . . . . . . . . . . . . 2 Insert Component 1 | . . . . . . . . . . . . 1 Analyze 1 | . . . . . . . . . . . . 1 Garrison Access Hacks 2 | . . . . . . . . . . 2 . . Seal Access 2 | . . . . . . . . . . 2 . . Unauthorized Hacks 45 | . 9 9 10 9 2 . . . . 1 . 5 Terminals 24 | . 6 7 6 . 1 . . . . . . 4 Assimilate 3 | . . . . . 1 . . . . . . 2 Botnet 2 | . . 1 . . . . . . . . . 1 Sabotage 17 | . 5 5 6 . . . . . . . . 1 Search 2 | . 1 1 . . . . . . . . . . Fabricators 2 | . . . . . 1 . . . . 1 . . Haulers 2 | . . . . . 1 . . . . 1 . . Repair Stations 2 | . 1 . 1 . . . . . . . . . Patch 2 | . 1 . 1 . . . . . . . . . Recycling Units 14 | . 2 1 2 9 . . . . . . . . Tunnel 14 | . 2 1 2 9 . . . . . . . . Scanalyzers 2 | . . 1 . . . . . . . . . 1 Extract 2 | . . 1 . . . . . . . . . 1 Garrison Access 1 | . . . 1 . . . . . . . . . Jam 1 | . . . 1 . . . . . . . . . Data Cores Recovered 1 | . . . . . . . . . . 1 . . Used . | . . . . . . . . . . . . . Hacking Detections 21 | . 2 4 2 1 2 . . . . 4 . 6 Full Trace Events 5 | . . 2 . . . . . . . 1 . 2 Feedback Events 1 | . . 1 . . . . . . . . . . Corruption 1 | . . 1 . . . . . . . . . . Feedback Blocked . | . . . . . . . . . . . . . Robot Schematics Acquired 4 | . . . . . . . . 4 . . . . Robots Built . | . . . . . . . . . . . . . Authchips . | . . . . . . . . . . . . . Time . | . . . . . . . . . . . . . Total Robot Build Rating . | . . . . . . . . . . . . . Part Schematics Acquired 16 | . . 1 . . . . . 11 . . . 4 Parts Built . | . . . . . . . . . . . . . Authchips . | . . . . . . . . . . . . . Time . | . . . . . . . . . . . . . Total Part Build Rating . | . . . . . . . . . . . . . Part Studies Acquired . | . . . . . . . . . . . . . Parts Repaired . | . . . . . . . . . . . . . Time . | . . . . . . . . . . . . . Parts Recycled . | . . . . . . . . . . . . . Recycled Matter . | . . . . . . . . . . . . . Retrieved Matter . | . . . . . . . . . . . . . Retrieved Components 2 | . . . . . . . . . . . . 2 Parts Scanalyzed 1 | . . . . . . . . . . . . 1 Part Schematics Acquired . | . . . . . . . . . . . . . Parts Damaged . | . . . . . . . . . . . . . Bothacking | -11 -10 -9 -9 -9 -7 -7 -7 -7 -6 -6 -6 -6 ------------ Run | Yrd Mat Mat Sto Rec Fac Low Low Dat Pro Fac Was Fac Used RIF Installer . | . . . . . . . . . . . . . Robots Hacked . | . . . . . . . . . . . . . Non-combat . | . . . . . . . . . . . . . Combat . | . . . . . . . . . . . . . Robot Hacks Applied . | . . . . . . . . . . . . . Relay Couplers Released 2 | . . . . . . . . . . 2 . . Programmers 2 | . . . . . . . . . . 2 . . Fabnet Peak Effective % . | . . . . . . . . . . . . . Robots Rewired . | . . . . . . . . . . . . . Allies Hacked . | . . . . . . . . . . . . . Hacks Repelled . | . . . . . . . . . . . . . Allies | -11 -10 -9 -9 -9 -7 -7 -7 -7 -6 -6 -6 -6 -------- Run | Yrd Mat Mat Sto Rec Fac Low Low Dat Pro Fac Was Fac Total Allies 17 | . . . 2 . 1 . . . . . . 14 Largest Group 8 | . . . 2 . 1 . . . . . . 8 Highest-Rated Group 202 | . . . 62 . 10 . . . . . . 202 Highest-Rated Ally 31 | . . . 31 . 10 . . . . . . 31 Total Orders . | . . . . . . . . . . . . . Ally Attacks 24 | . . . 17 . . . . . . . . 7 Total Damage 353 | . . . 250 . . . . . . . . 103 Kills 6 | . . . 5 . . . . . . . . 1 Allies Corrupted . | . . . . . . . . . . . . . Allies Melted . | . . . . . . . . . . . . . Intel | -11 -10 -9 -9 -9 -7 -7 -7 -7 -6 -6 -6 -6 ------- Run | Yrd Mat Mat Sto Rec Fac Low Low Dat Pro Fac Was Fac Active Infowar (turns) 7641 | 9 820 1054 829 424 2374 479 448 259 282 322 . 341 Seismic 7300 | 9 820 1054 829 424 2374 479 448 259 282 322 . . Cloaking 341 | . . . . . . . . . . . . 341 Robot Analysis Total . | . . . . . . . . . . . . . Derelict Logs Recovered 7 | . . . . . . 2 3 . 2 . . . Drone Launches . | . . . . . . . . . . . . . Drone Recoveries . | . . . . . . . . . . . . . Exploration | -11 -10 -9 -9 -9 -7 -7 -7 -7 -6 -6 -6 -6 ------------- Run | Yrd Mat Mat Sto Rec Fac Low Low Dat Pro Fac Was Fac Turns Passed 11871 | 66 820 1054 829 468 2374 479 448 259 282 1834 436 2522 Spaces Moved 19834 | 66 1081 1755 1451 1161 4048 1132 987 237 880 2510 504 4022 Core 323 | 66 257 . . . . . . . . . . . Treads . | . . . . . . . . . . . . . Legs . | . . . . . . . . . . . . . Wheels . | . . . . . . . . . . . . . Hover . | . . . . . . . . . . . . . Flight 19511 | . 824 1755 1451 1161 4048 1132 987 237 880 2510 504 4022 Fastest Speed 11 | 50 37 26 26 26 27 29 29 29 29 29 31 11 Average Speed 30 | 50 40 27 26 26 31 29 29 41 29 30 32 29 Slowest Speed 108 | 50 50 37 26 31 36 29 29 108 29 31 37 39 Overloaded Moves 58 | . . . . . . . . . . . . 58 Propulsion Burnouts . | . . . . . . . . . . . . . Robots Hopped 307 | . 16 73 36 15 72 2 3 . . 39 . 51 Potential Cave-ins . | . . . . . . . . . . . . . Cave-ins Triggered . | . . . . . . . . . . . . . Exploration Rate (%) 79 | 4 97 83 98 99 58 97 98 81 97 70 86 65 Regions Visited 12 Branch Regions 6 Pre-discovered Areas 15 | . 2 1 2 9 . . . . 1 . . . Known Exits Taken 6 | . . 1 . . 1 1 1 1 1 . . . Unknown Exits Taken 4 | 1 1 . 1 1 . . . . . . . . Scrap Searched 11 | . . . . . . 5 4 . 2 . . . Spaces Dug 6 | . . . . . 5 1 . . . . . . Terrain Destroyed 136 | . . . . . 35 8 2 . 1 87 . 3 Melee . | . . . . . . . . . . . . . Projectile 42 | . . . . . 17 8 2 . 1 11 . 3 AOE 94 | . . . . . 18 . . . . 76 . . Terrain Rammed . | . . . . . . . . . . . . . Walls Destroyed . | . . . . . . . . . . . . . Machines Disabled . | . . . . . . . . . . . . . Actions | -11 -10 -9 -9 -9 -7 -7 -7 -7 -6 -6 -6 -6 --------- Run | Yrd Mat Mat Sto Rec Fac Low Low Dat Pro Fac Was Fac Total 24240 | 82 1323 2076 1685 1279 4889 1254 1138 354 899 3422 735 5104 Wait 2952 | . 111 223 101 89 534 75 135 48 1 678 171 786 Move 19235 | 65 1048 1616 1381 1130 3909 1127 981 236 879 2436 503 3924 Hop 281 | . 16 65 33 15 66 2 2 . . 35 . 47 Pick Up 91 | . 7 10 5 4 22 1 3 2 . 16 2 19 Fast Attach 70 | 3 6 4 3 2 18 2 1 1 . 2 1 27 Attach 6 | . 1 . . . . . . 1 . . . 4 Detach 5 | . . . . . 1 . . . . . . 4 Swap 20 | . . 7 . . 6 . . . . 4 . 3 Drop 124 | . 8 9 5 6 35 7 1 2 . 23 4 24 Fire 884 | 14 84 79 78 12 182 28 7 42 7 136 43 172 Melee 4 | . . . . . . . . . . . . 4 Ram . | . . . . . . . . . . . . . Kick . | . . . . . . . . . . . . . Crush . | . . . . . . . . . . . . . Escape Stasis 59 | . . . 25 . 34 . . . . . . . Rewire . | . . . . . . . . . . . . . Trap . | . . . . . . . . . . . . . Miscellaneous 509 | . 42 63 54 21 82 12 8 22 12 92 11 90 Route ------- -11/Scrapyard -10/Materials (discovered 4 exits: *Mat x3 / [*Min]) -9/Materials (discovered 4 exits: [*Mat x2] / *Min / *Sto) -9/Storage (discovered 2 exits: [*Mat] / *Rec) -9/Recycling -7/Factory (discovered 2 exits: *Fac / *Low) -7/Lower Caves -7/Lower Caves (discovered 2 exits: *Fac / *Dat) -7/Data Miner -6/Proximity Caves -6/Factory (discovered 6 exits: *Fac x2 / *Low x2 / *Ext x2) -6/Waste -6/Factory (discovered 7 exits: *Fac x3 / *Low x2 / Ext x2) History --------- Turn | Location | Event 6 | -11/Scrapyard | Discovered new exit (range 15) 7 | -11/Scrapyard | Upgraded with Propulsion slot (x1) 7 | -11/Scrapyard | Upgraded with Utility slot (x1) 7 | -11/Scrapyard | Upgraded with Weapon slot (x1) 67 | -11/Scrapyard | Entered Materials 244 | -10/Materials | Core integrity fell below 50% 301 | -10/Materials | Discovered new exit (range 5) 330 | -10/Materials | Build established: Mutant 383 | -10/Materials | Discovered new exit (range 13) 476 | -10/Materials | Reached level 2 580 | -10/Materials | Upgraded with Utility slot (x1) 581 | -10/Materials | Discovered new exit (range 8) 650 | -10/Materials | Reached level 3 712 | -10/Materials | Discovered new exit (range 10) 887 | -10/Materials | Entered another Materials area 889 | -9/Materials | Reached level 4 895 | -9/Materials | Upgraded with Propulsion slot (x1) 895 | -9/Materials | Upgraded with Utility slot (x1) 895 | -9/Materials | Upgraded with Weapon slot (x1) 1055 | -9/Materials | Reached level 5 1195 | -9/Materials | Build established: Sprinter 1195 | -9/Materials | Reached level 6 1212 | -9/Materials | Upgraded with Utility slot (x1) 1239 | -9/Materials | Discovered new exit (range 12) 1287 | -9/Materials | First assault squad dispatched 1367 | -9/Materials | Reached level 7 1382 | -9/Materials | Discovered new exit (range 14) 1403 | -9/Materials | Discovered new exit (range 5) 1449 | -9/Materials | Discovered new exit (range 10) 1479 | -9/Materials | Upgraded with Propulsion slot (x1) 1679 | -9/Materials | Reached level 8 1735 | -9/Materials | Destroyed 7 combat bots 1897 | -9/Materials | Sterilization system engaged 1897 | -9/Materials | Non-combat units ordered to evacuate 1904 | -9/Materials | Identified exit to Mines 1904 | -9/Materials | Identified exit to Storage 1941 | -9/Materials | Entered Storage 1943 | -9/Storage | Reached level 9 1958 | -9/Storage | Met a pair of Derelict thieves 1976 | -9/Storage | Garrison activated, responded to threat 1995 | -9/Storage | Discovered new exit (range 16) 2124 | -9/Storage | Core integrity fell below 50% 2188 | -9/Storage | Reached level 10 2278 | -9/Storage | Upgraded with Utility slot (x1) 2278 | -9/Storage | Upgraded with Weapon slot (x1) 2287 | -9/Storage | Used back door to open Recycling access 2287 | -9/Storage | Discovered new exit (range 5) 2341 | -9/Storage | First assault squad dispatched 2560 | -9/Storage | Reached level 11 2616 | -9/Storage | Build established: Scavenger-Sprinter 2718 | -9/Storage | High security lockdown imminent 2754 | -9/Storage | Destroyed 9 combat bots 2770 | -9/Storage | Entered Recycling 2806 | -9/Recycling | Discovered new exit (range 16) 2860 | -9/Recycling | Scanned before Scraplab entrance 3009 | -9/Recycling | Entered Scraplab 3009 | -9/Recycling | Angered Scraplab inhabitants 3009 | -9/Recycling | Found Prototype Device 3009 | -9/Recycling | Identified Scrap Engine 3238 | -9/Recycling | Entered Factory 3240 | -7/Factory | Reached level 12 3452 | -7/Factory | Garrison activated, responded to threat 3455 | -7/Factory | Reached level 13 3630 | -7/Factory | Build established: Sprinter 3638 | -7/Factory | Search patrols dispatched 3754 | -7/Factory | Upgraded with Utility slot (x1) 3769 | -7/Factory | Upgraded with Utility slot (x1) 3796 | -7/Factory | Discovered new exit (range 11) 3876 | -7/Factory | Discovered new exit (range 11) 3944 | -7/Factory | Build established: Mutant 4438 | -7/Factory | First assault squad dispatched 4518 | -7/Factory | Cargo convoy interrupted 4546 | -7/Factory | Reached level 14 4579 | -7/Factory | Core integrity fell below 50% 4693 | -7/Factory | Build established: Sprinter 4702 | -7/Factory | Core integrity fell below 20% 4915 | -7/Factory | Reached level 15 5114 | -7/Factory | System corruption reached 10% 5156 | -7/Factory | Destroyed 11 combat bots 5162 | -7/Factory | Found Prototype Processor 5162 | -7/Factory | Identified Exp. Signal Interpreter 5341 | -7/Factory | Reached level 16 5486 | -7/Factory | High security lockdown imminent 5566 | -7/Factory | High security lockdown engaged 5611 | -7/Factory | Identified exit to Lower Caves 5612 | -7/Factory | Entered Lower Caves 5629 | -7/Lower Caves | Learned Factory interactive machine intel 5657 | -7/Lower Caves | Learned Factory stockpile data 5683 | -7/Lower Caves | Upgraded with Utility slot (x1) 5725 | -7/Lower Caves | Entered a destroyed Warlord outpost 5835 | -7/Lower Caves | Discovered new exit (range 7) 5838 | -7/Lower Caves | Identified exit to Lower Caves 5875 | -7/Lower Caves | Encountered a Warlord checkpoint 6091 | -7/Lower Caves | Entered another Lower Caves area 6097 | -7/Lower Caves | Spotted B-75 Beast 6145 | -7/Lower Caves | Discovered new exit (range 12) 6149 | -7/Lower Caves | Identified exit to Factory 6171 | -7/Lower Caves | Learned 8 Factory zone layouts 6230 | -7/Lower Caves | Learned Factory stockpile data 6317 | -7/Lower Caves | Discovered new exit (range 17) 6321 | -7/Lower Caves | Identified exit to Data Miner 6398 | -7/Lower Caves | Destroyed B-75 Beast 6539 | -7/Lower Caves | Entered Data Miner 6539 | -7/Data Miner | Discovered new exit (range 7) 6541 | -7/Data Miner | Reached level 17 6544 | -7/Data Miner | Met Data Miner 6555 | -7/Data Miner | Received God Mode back door access code from Data Miner 6560 | -7/Data Miner | Data Conduit disabled 6710 | -7/Data Miner | Found Prototype Device 6710 | -7/Data Miner | Identified Exp. Thermal Shield 6791 | -7/Data Miner | Found Exp. Thermal Shield 6798 | -7/Data Miner | Identified exit to Proximity Caves 6798 | -7/Data Miner | Entered Proximity Caves 6916 | -6/Proximity Caves | Learned location of Zion (-6) 6935 | -6/Proximity Caves | Discovered exit to Factory (range 3) 6963 | -6/Proximity Caves | Learned Factory terminal intel 7080 | -6/Proximity Caves | Entered Factory 7081 | -6/Factory | Identified exit to Extension 7082 | -6/Factory | Reached level 18 7084 | -6/Factory | Loaded intel: 55 interactive machine locations 7085 | -6/Factory | Loaded intel: 27 terminal locations 7108 | -6/Factory | Discovered new exit (range 8) 7114 | -6/Factory | Identified exit to Lower Caves 7371 | -6/Factory | Discovered new exit (range 5) 7372 | -6/Factory | Identified exit to Factory 7486 | -6/Factory | Reached level 19 7489 | -6/Factory | Discovered exit to Factory (range 12) 7501 | -6/Factory | Discovered exit to Extension (range 10) 7732 | -6/Factory | Cargo convoy interrupted 8130 | -6/Factory | First assault squad dispatched 8163 | -6/Factory | Reached level 20 8356 | -6/Factory | Spotted B-75 Beast 8414 | -6/Factory | Discovered exit to Lower Caves (range 8) 8914 | -6/Factory | Sucked down chute 8914 | -6/Factory | Entered Waste 8919 | -6/Waste | Spotted C-40 Crusher 8929 | -6/Waste | Spotted C-40 Crusher 8993 | -6/Waste | Destroyed C-40 Crusher 9002 | -6/Waste | Destroyed C-40 Crusher 9007 | -6/Waste | Spotted C-40 Crusher 9007 | -6/Waste | Spotted C-40 Crusher 9007 | -6/Waste | Spotted C-40 Crusher 9025 | -6/Waste | Destroyed C-40 Crusher 9025 | -6/Waste | Destroyed C-40 Crusher 9027 | -6/Waste | Spotted C-40 Crusher 9071 | -6/Waste | Destroyed C-40 Crusher 9075 | -6/Waste | Destroyed C-40 Crusher 9110 | -6/Waste | Discovered new exit (range 12) 9350 | -6/Waste | Identified exit to Factory 9350 | -6/Waste | Entered Factory 9527 | -6/Factory | Garrison activated, responded to threat 9556 | -6/Factory | Destroyed 7 combat bots 9556 | -6/Factory | Upgraded with Propulsion slot (x1) 9853 | -6/Factory | Build established: Mutant 10010 | -6/Factory | Discovered exit to Factory (range 13) 10400 | -6/Factory | First assault squad dispatched 10440 | -6/Factory | Spotted B-75 Beast 10449 | -6/Factory | Destroyed B-75 Beast 10557 | -6/Factory | Unchained authorized (6S-H0T) 10666 | -6/Factory | Spotted 6S-H0T 10688 | -6/Factory | Discovered exit to Factory (range 11) 10710 | -6/Factory | Core integrity fell below 50% 10728 | -6/Factory | Reached level 21 10816 | -6/Factory | Upgraded with Power slot (x1) 10831 | -6/Factory | Destroyed 17 combat bots 10866 | -6/Factory | Spotted 6S-H0T 10874 | -6/Factory | Core integrity fell below 20% 11153 | -6/Factory | Build established: Scavenger-Sprinter 11411 | -6/Factory | Spotted 6S-H0T 11475 | -6/Factory | Discovered exit to Factory (range 9) 11556 | -6/Factory | Spotted 6S-H0T 11575 | -6/Factory | Found Prototype Ballistic Gun 11575 | -6/Factory | Identified 6S-H0T's Six Shooter 11713 | -6/Factory | Build established: Sprinter 11871 | -6/Factory | Spotted 6S-H0T 11872 | -6/Factory | Destroyed by 6S-H0T with 6S-H0T's Six Shooter Last Messages --------------- 11765_ Arm. Scrap Engine consumes Thermic Laser. 11777_ ALERT: Potential suspicious activity detected, Programmers report to Factory Zone 4B. 11782_ Acquired Hvy. Flak Cannon. 11808_ Scrap Engine modifies Shotgun Energy Ion Construct/C: Max Damage +83, Shot Heat -18, Targeting +54, Matter Cost -3, Max Integrity +114, Range +3, Salvage -1 Renamed Shotgun Accelerated Shooter Con/C. 11808_ P-60 Hacker knocked back. 11810_ P-60 Hacker destroyed. 11812_ Upgraded: Core Integrity (+50) 11815_ Connecting with Terminal... >>Force(Sabotage) SYSTEM_VULNERABLE[Nuclear Reactor] NETWORK_OVERLOAD_FAIL 11815_ ALERT: Suspicious activity at Terminal F003. Dispatching Investigation squad. 11816_ U-05 Engineer builds a Door. 11823_ U-05 Engineer builds a Wall. 11858_ ALERT: Cargo convoy en route, clear transfer corridor. Map ----- +----------------------------------------------------+ | | | | | | | | | | | | | | | | | | | | | | | | | | | | | | | ??????????????????????????#### | | #######??????????????????? | | # ! /#?????????????????#? | | # #??????#######????# """ | | # """ #??###?# #????? | | # """ ######## #????# """ | | # """ + +????# | | # "" #[ #????# """ | | # "" #%[ #????# | | # 8! ######?#### | | # @## ###### | | #! ## ^ | | ######## ^ | | # #?# """ | | # #?# ^ "T" ## | | # #?# #? | | # ### #? | | # + """" #? | | # # """" #? | | # # ^ """" #? | | # # #? | | # # """" #? | | ###### """" #? | | # + ^"""" ## | | # # | | #! # """" | | # # ######### """" | | #!!] # #???????# ^"""" | | #!]] # #???????# | | #!]] # #???????+ """" | | # # #???????# """" | | # # #???????# """" | | ###### #???????# | | ?????# #???????# | | ?????#+#???????# | +----------------------------------------------------+ Best States ------------- Heat Dissipation 136 Energy Generation 40 Energy Capacity 300 Matter Stores 300 Matter Capacity 300 Sight Range 18 Terrain Scan Density 10 Cloak Strength 2 Armor Coverage 225 Resistance: KI 20 Resistance: TH 30 Resistance: EM 15 Utility Shielding 33 Weapon Shielding 33 Evasion (%) 65 Targeting Accuracy 25 Core Analysis 9 Armor Integrity Analysis 30 Salvage Targeting 4 Offensive Hacking 5 Defensive Hacking 5 Authchip Count 3 Item Schematics ----------------- Lgt. Assault Rifle | -9/Materials | Extracted Combat Drone Bay | -7/Data Miner | Free Gravity Neutralizer | -7/Data Miner | Free Lgt. Regenerative Plating | -7/Data Miner | Free Cld. Aerolev Unit | -7/Data Miner | Free Cld. Plasma Cannon | -7/Data Miner | Free Nuclear Pulse Array | -7/Data Miner | Free Imp. Plasma Cutter | -7/Data Miner | Free Adv. Target Analyzer | -7/Data Miner | Free Field Propulsion Array | -7/Data Miner | Free Focal Shield | -7/Data Miner | Free Imp. Weapon Cycler | -7/Data Miner | Free Arm. Treads | -6/Factory | Extracted Adv. Assault Cannon | -6/Factory | Extracted Imp. Hardlight Generator | -6/Factory | Extracted Adv. Targeting Computer | -6/Factory | Extracted Robot Schematics ------------------ H-55 Commando | -7/Data Miner | Free S-27 Virus | -7/Data Miner | Free M-14 Sweeper | -7/Data Miner | Free L-41 Fighter | -7/Data Miner | Free Fabricated ------------ Nothing Repaired ---------- Nothing Studied --------- None Alien Tech Used ----------------- None Achievements -------------- None Challenges ------------ None RPGLIKE | -11 -10 -9 -9 -9 -7 -7 -7 -7 -6 -6 -6 -6 --------- Run | Yrd Mat Mat Sto Rec Fac Low Low Dat Pro Fac Was Fac Levels Raised 20 | . 2 5 3 . 5 . . 1 . 3 . 1 XP Earned 33640 | 3000 3839 7769 3990 628 6867 548 219 204 1009 3771 46 1750 XP Spent 32155 | 2750 1510 7550 3490 1250 5885 2600 250 1040 . 3370 . 2460 Upgrades 65 | 7 5 8 6 1 15 1 1 8 . 8 . 5 Power Slot 1 | . . . . . . . . . . . . 1 Propulsion Slot 4 | 1 . 2 . . . . . . . . . 1 Utility Slot 8 | 1 1 2 1 . 2 1 . . . . . . Weapon Slot 3 | 1 . 1 1 . . . . . . . . . Core Integrity 17 | . . . . . 7 . . 8 . . . 2 Heat Dissipation 14 | . 3 . 3 . 4 . 1 . . 3 . . Energy Generation 1 | . . . 1 . . . . . . . . . Mass Support 2 | 1 . . . . . . . . . 1 . . Inventory Capacity 5 | 2 . 2 . 1 . . . . . . . . Sight Range 2 | . . . . . 2 . . . . . . . Ranged Accuracy 5 | 1 1 1 . . . . . . . 2 . . Melee Accuracy 1 | . . . . . . . . . . . . 1 Hack Attack % 1 | . . . . . . . . . . 1 . . Hack Defense % 1 | . . . . . . . . . . 1 . . Protomatter Created 5266 | . 370 878 625 217 700 85 57 167 89 920 174 984 Integrity Restored 10538 | . 903 1145 1040 392 1718 255 171 501 267 1974 264 1908 Core 9460 | . 903 804 807 328 1667 255 171 501 267 1780 264 1713 Parts 1078 | . . 341 233 64 51 . . . . 194 . 195 Protomatter Decayed 1270 | . 37 186 250 239 129 . 32 . . 164 . 233 Game ------ Seed SpectralTimingThrower Manual? 1 Play Time 02:11:35 Cumulative 704.0 hours Start 2026.08.03 @ 20:47:01 End 2026.08.04 @ 11:39:41 Sessions 3 Manual Loads 0 Difficulty Rogue Special Mode Winter2019/RPGLIKE Game No. 365 Rogue 211 Adventurer 154 Explorer 0 Win Type - Total 25 Types 4/7/5/3/2/1/0/1/1/1 Lore% 95 Gallery% 89 Achievement% 68 Wizard Run 0 Options --------- Layout 0 ASCII 0 Keyboard 0 Movement Numpad Keybinds 0 Fullscreen 2 Font 18/SmallcapsGlow Map View 76x50 Zoom Use 0% Tactical HUD 1 Map Filters NONE Filters NONE Steam 1 RUN: 100d013e-82c3-4b20-a6a5-b3b7ee8b21db